 Dungeon Crawl Stone Soup version 0.29.0-4-gdea44cf6ec (webtiles) character file.

Game seed: 15188582917569074148

946 qw the Grappler (level 7, -3/67 HPs)
             Began as a Troll Cinder Acolyte on Sept 1, 2022.
             Was a High Priest of Ignis.
             Slain by Sigmund
             ... wielding a +0 scythe
              (10 damage)
             ... on level 5 of the Dungeon.
             The game lasted 00:01:54 (3221 turns).

qw the Grappler (Troll Cinder Acolyte)              Turns: 3221, Time: 00:01:55

Health: -3/67      AC:  7    Str: 25    XL:     7   Next: 89%
Magic:  7/7        EV:  9    Int: 10    God:    Ignis [*****.]
Gold:   257        SH:  0    Dex: 11    Spells: 8/8 levels left

rFire   + + .      SeeInvis .     - Unarmed
rCold   . . .      Faith    .   (no shield)
rNeg    . . .      Spirit   .   l - +0 robe {rF+}
rPois   .          Reflect  .   (helmet restricted)
rElec   .          Harm     .   g - +2 cloak
rCorr   .          Rampage  .   (gloves unavailable)
Will    .....                   (boots unavailable)
Stlth   +.........              (no amulet)
HPRegen 1.01/turn               h - +6 ring of dexterity
MPRegen 0.10/turn               (no ring)

@: no status effects
A: large, unfitting armour, claws 3, regeneration 1, shaggy fur 1, tough skin 1
a: Renounce Religion, Fiery Armour, Foxfire Swarm, Rising Flame


You were on level 5 of the Dungeon.
You worshipped Ignis.
Ignis was extremely pleased with you.
You visited 1 branch of the dungeon, and saw 5 of its levels.

You collected 285 gold pieces.
You spent 28 gold pieces at shops.


Innate Abilities, Weirdness & Mutations

You are too large for most types of armour.
You have claws for hands.
Your natural rate of healing is unusually fast.
You are covered in fur. (AC +1)
You have tough skin. (AC +1)


   Skills:
 - Level 3.0 Fighting
 - Level 3.1 Throwing
 - Level 1.2 Dodging
 + Level 8.3 Unarmed Combat
 - Level 1.0 Spellcasting
 - Level 2.1 Fire Magic


You had 8 spell levels left.
You didn't know any spells.
Your spell library contained the following spells:

 Spells                   Type           Power      Damage    Failure   Level
 Scorch                   Fire           8%         2d5       22%         2

Inventory:

Missiles
 d - 3 silver boomerangs
 f - a boomerang
 m - 3 large rocks (quivered)
Armour
 a - an orb of light
 g - a +2 cloak (worn)
 l - a +0 robe of fire resistance (worn)
Jewellery
 h - a +6 ring of dexterity (left claw)
Scrolls
 b - a scroll of amnesia {unknown}
 j - 3 scrolls of identify
 Y - a scroll of enchant weapon
Potions
 c - 3 potions of curing
 e - a potion of might
 k - a potion of cancellation {unknown}
 n - 2 potions of heal wounds {unknown}
 o - a potion of resistance {unknown}

Dungeon Overview and Level Annotations

Branches:
Dungeon (5/15)             Temple (0/1) D:5

Altars:
Ru

Shops:
D:4 :   D:5 *

Annotations:
D:5 Sigmund


Message History

Something hits you but does no damage.
You swing at nothing.
You swing at nothing.
Something hits you!
You swing at nothing.
You swing at nothing.
Something hits you!
You swing at nothing.
You swing at nothing.
You hear some strange, mumbled words.
A puff of flame appears from out of thin air!
The puff of flame hits you. You resist.
You swing at nothing.
Something hits you.
You swing at nothing.
You swing at nothing.
Something hits you.
You swing at nothing.
Something hits you but does no damage.
You swing at nothing.
You swing at nothing.
Something hits you.
You swing at nothing.
You swing at nothing.
Something hits you.
You swing at nothing.
You swing at nothing.
Something hits you!
You swing at nothing.
Something hits you but does no damage.
You swing at nothing.
You swing at nothing.
Something hits you.
You swing at nothing.
You swing at nothing.
Something hits you.
You swing at nothing.
You swing at nothing.
Something hits you!
You die...

#.##.#..(.. .
##.#..#....##..
...#.....#..... .
###............ #.
#.#............ #.#
###.##....%#
#..##.......{.##
#...?.........(##.
#........#@.....[..
#.......##..........
####....##..........
#...##............
#....%...................
##..#....................
#######......(..........
#..................
#..................


There were no monsters in sight!

Vanquished Creatures
  Grinder (D:3)
  3 black bears
  An ogre (D:4)
  A phantom (D:5)
  Ijyb (D:3)
  4 orc wizards
  3 gnolls (D:3)
  4 adders
  2 worms (D:3)
  3 dart slugs
  15 orcs
  8 endoplasms
  4 giant cockroaches
  18 goblins
  6 hobgoblins
  4 jackals (D:4)
  4 quokkas
  9 ball pythons
  7 bats
  3 frilled lizards
  4 kobolds
  10 rats
115 creatures vanquished.

Notes
Turn   | Place    | Note
-------+----------+-------------------------------------------
     0 | D:1      | qw the Troll Cinder Acolyte began the quest for the Orb.
     0 | D:1      | Reached XP level 1. HP: 22/22 MP: 1/1
     0 | D:1      | 0 ||| qw: Version: 0.1-a-97-g2dd2ca4
     0 | D:1      | 0 ||| qw: Game counter: 4834
     0 | D:1      | 0 ||| qw: Always use a shield: true
     0 | D:1      | 0 ||| qw: God list: Okawaru
     0 | D:1      | 0 ||| qw: Allow faded altars: false
     0 | D:1      | 0 ||| qw: Do Orc after D:15 true
     0 | D:1      | 0 ||| qw: Do second Lair branch before Depths: true
     0 | D:1      | 0 ||| qw: Lair rune preference: random
     0 | D:1      | 0 ||| qw: Plans: Normal
     0 | D:1      | 0 ||| PLANNING D:1-11
     3 | D:1      | Noticed an electric eel
     4 | D:1      | Noticed an electric eel
   178 | D:1      | Reached XP level 2. HP: 26/29 MP: 2/2
   252 | D:1      | 252 ||| Stepping ~*~*~tactically~*~*~ (stealth).
   254 | D:1      | 254 ||| Stepping ~*~*~tactically~*~*~ (stealth).
   304 | D:1      | 304 ||| Stepping ~*~*~tactically~*~*~ (stealth).
   305 | D:1      | 305 ||| Stepping ~*~*~tactically~*~*~ (stealth).
   306 | D:1      | 306 ||| Stepping ~*~*~tactically~*~*~ (stealth).
   439 | D:1      | Reached skill level 4 in Unarmed Combat
   669 | D:1      | Found a faded altar of an unknown god.
   847 | D:1      | 847 ||| Stepping ~*~*~tactically~*~*~ (outnumbered).
   848 | D:1      | 848 ||| Stepping ~*~*~tactically~*~*~ (outnumbered).
   851 | D:1      | Reached XP level 3. HP: 36/36 MP: 3/3
   871 | D:1      | 871 ||| DROPPING ring of flight.
   872 | D:1      | 872 ||| UPGRADING to +6 ring of dexterity.
   873 | D:1      | 873 ||| READING scroll labelled PYEW PALISEAGU.
   874 | D:1      | 874 ||| READING scroll labelled MUSUVU ROLAJ.
   875 | D:1      | 875 ||| READING scroll labelled JAMIUR ICKIO.
  1450 | D:2      | 1450 ||| UPGRADING to +2 cloak.
  1455 | D:2      | 1455 ||| READING scroll labelled ZIOWURADEP.
  1473 | D:2      | 1473 ||| DRINKING 2 clear potions.
  1474 | D:2      | 1474 ||| DRINKING 2 yellow potions.
  1475 | D:2      | 1475 ||| DRINKING 2 blue potions.
  1476 | D:2      | 1476 ||| DROPPING potion of magic.
  1485 | D:3      | Reached XP level 4. HP: 43/44 MP: 4/4
  1528 | D:3      | Reached skill level 5 in Unarmed Combat
  1593 | D:3      | Noticed Ijyb
  1603 | D:3      | Killed Ijyb
  1604 | D:3      | Reached skill level 1 in Dodging
  1634 | D:3      | 1634 ||| Stepping ~*~*~tactically~*~*~ (hiding).
  1636 | D:3      | 1636 ||| Stepping ~*~*~tactically~*~*~ (hiding).
  1641 | D:3      | Noticed Grinder
  1642 | D:3      | 1642 ||| Stepping ~*~*~tactically~*~*~ (stealth).
  1652 | D:3      | 1652 ||| Stepping ~*~*~tactically~*~*~ (outnumbered).
  1653 | D:3      | 1653 ||| Stepping ~*~*~tactically~*~*~ (hiding).
  1660 | D:3      | 1660 ||| INVOKING Fiery Armour.
  1664 | D:3      | 1664 ||| Stepping ~*~*~tactically~*~*~ (hiding).
  1665 | D:3      | 1665 ||| Stepping ~*~*~tactically~*~*~ (hiding).
  1667 | D:3      | Reached XP level 5. HP: 49/50 MP: 5/5
  1674 | D:3      | Killed Grinder
  1675 | D:3      | Reached skill level 7 in Unarmed Combat
  1675 | D:3      | Reached XP level 6. HP: 43/59 MP: 6/6
  1737 | D:3      | You fall into a shaft and drop 1 floor!
  1831 | D:4      | 1831 ||| READING scroll labelled LEGGAR VOALE.
  1832 | D:4      | 1832 ||| READING 2 scrolls of identify.
  1832 | D:4      | 1832 ||| IDENTIFYING sedimented white potion
  1833 | D:4      | 1833 ||| DROPPING potion of ambrosia.
  1903 | D:3      | 1903 ||| Stepping ~*~*~tactically~*~*~ (stealth).
  1986 | D:3      | 1986 ||| INVOKING Fiery Armour.
  1988 | D:3      | 1988 ||| Stepping ~*~*~tactically~*~*~ (outnumbered).
  1991 | D:3      | Reached skill level 1 in Throwing
  2003 | D:3      | 2003 ||| Stepping ~*~*~tactically~*~*~ (stealth).
  2005 | D:3      | 2005 ||| Stepping ~*~*~tactically~*~*~ (stealth).
  2012 | D:3      | Found a sacrificial altar of Ru.
  2159 | D:3      | 2159 ||| READING scroll labelled JEMENO QUKEA.
  2164 | D:4      | Found Ufonuxt's Book Emporium.
  2167 | D:4      | 2167 ||| STAIRDANCE
  2173 | D:4      | 2173 ||| STAIRDANCE
  2418 | D:4      | 2418 ||| INVOKING Fiery Armour.
  2423 | D:4      | Reached XP level 7. HP: 66/66 MP: 7/7
  2432 | D:4      | Reached skill level 8 in Unarmed Combat
  2524 | D:4      | 2524 ||| Stepping ~*~*~tactically~*~*~ (outnumbered).
  2525 | D:4      | 2525 ||| Stepping ~*~*~tactically~*~*~ (outnumbered).
  2526 | D:4      | 2526 ||| Stepping ~*~*~tactically~*~*~ (outnumbered).
  2527 | D:4      | 2527 ||| Stepping ~*~*~tactically~*~*~ (outnumbered).
  2902 | D:4      | 2902 ||| UPGRADING to +0 robe of fire resistance.
  2912 | D:4      | 2912 ||| DROPPING +0 robe.
  2913 | D:4      | 2913 ||| READING 2 scrolls labelled YDUOHUENAN.
  2914 | D:4      | 2914 ||| READING 2 scrolls of identify.
  2914 | D:4      | 2914 ||| IDENTIFYING sedimented ruby potion
  2915 | D:4      | 2915 ||| DROPPING potion of flight.
  2970 | D:5      | Entered Level 5 of the Dungeon
  2970 | D:5      | Found Vezuxuc's General Store.
  2971 | D:5      | 2971 ||| PLANNING SEWER
  2983 | D:5      | Reached skill level 3 in Fighting
  2998 | D:5      | 2998 ||| SHOPLISTING ring of protection from cold (350
                  | gold, have 242).
  2998 | D:5      | 2998 ||| BUYING scroll of identify (28 gold).
  2998 | D:5      | Bought a scroll of identify for 28 gold pieces
  3013 | D:5      | Found a staircase to the Ecumenical Temple.
  3138 | D:5      | 3138 ||| Stepping ~*~*~tactically~*~*~ (stealth).
  3150 | D:5      | 3150 ||| Stepping ~*~*~tactically~*~*~ (outnumbered).
  3152 | D:5      | Reached skill level 3 in Throwing
  3180 | D:5      | Noticed Sigmund
  3181 | D:5      | 3181 ||| FLEEEEING.
  3214 | D:5      | HP: 13/67 [something (10)]
  3219 | D:5      | HP: 5/67 [something (6)]
  3221 | D:5      | Slain by Sigmund

Levels and vault maps discovered:
D:1:      arrival_aquarium_b, layout_loops_corners,
          hellmonk_ecumenical_altar_inner_sanctum
D:2:      layout_loops_ring, grunt_decor_fettered
D:3:      layout_rooms, mainiacjoe_overflow_paths, uniq_grinder, uniq_ijyb
D:4:      layout_cave_pods, nicolae_stop_n_shop_1, minmay_ogre_servants
D:5:      layout_cave_pools, gammafunk_temple_overflow_elements,
          grunt_temple_overflow_opulence, minmay_temple_entry_stoned_glass,
          serial_shops, shop, gammafunk_ghost_grave, portal_sewer_entry_c,
          uniq_sigmund

Skill      XL: |  1  2  3  4  5  6  7 |
---------------+----------------------+-----
Unarmed Combat | 4 5 7 8 |  8.3
Dodging        | 1 |  1.2
Throwing       | 1 3 |  3.1
Fighting       | 3 |  3.0
Spellcasting   | |  1.0
Fire Magic     | |  2.1

Action                   |  1- 3 |  4- 6 |  7- 9 || total
-------------------------+-------+-------+-------++-------
Melee: Unarmed           |    90 |    65 |    51 ||   206
       Punch             |       |     5 |     5 ||    10
Throw: Boomerang         |    41 |    51 |     5 ||    97
       Large rock        |       |       |    12 ||    12
Invok: Fiery Armour      |       |     3 |       ||     3
  Use: Scroll            |     4 |     3 |     2 ||     9
       Potion            |     3 |       |       ||     3
Armor: Robe              |    24 |    17 |    28 ||    69
Dodge: Dodged            |    39 |    15 |    21 ||    75

Table legend:
 A = Non-vault XP
 B = Vault XP
 C = Vault XP percentage of total XP
 D = Non-vault monster count
 E = Vault monster count
 F = Vault count percentage of total count
                 A         B        C        D         E       F
            +---------+---------+-------+---------+---------+-------
      Total |     900 |     452 |  33.4 |     104 |      11 |   9.6
            +---------+---------+-------+---------+---------+-------
        D:1 |      42 |       0 |   0.0 |      27 |       0 |   0.0
        D:2 |      42 |       0 |   0.0 |      18 |       0 |   0.0
        D:3 |     188 |     324 |  63.3 |      32 |       2 |   5.9
        D:4 |     290 |     128 |  30.6 |      18 |       9 |  33.3
        D:5 |     338 |       0 |   0.0 |       9 |       0 |   0.0
            +---------+---------+-------+---------+---------+-------
